BR
INDIAN HILLS VOODOO @ QUINCY DOUGHBOYS
09/11/2026
 
TOP OF THE 1ST
Indian Hills Voodoo batting - Pitching for Quincy Doughboys : RHP Manuel Castro
Pitching: RHP Manuel Castro
Batting: SHB Alberto García 0-0: Ball
1-0: Called Strike
1-1: Swinging Strike
1-2: Ball
2-2: Ball
3-2: Strikes out swinging
Batting: RHB Bob McDonald 0-0: Ball
1-0: Called Strike
1-1: DOUBLE (Line Drive, 9LS)
Batting: RHB Arturo Camacho 0-0: Ball
1-0: Called Strike
1-1: Ball
2-1: Swinging Strike
2-2: Ball
3-2: Strikes out looking
Batting: SHB Sean Moody 0-0: Called Strike
0-1: Called Strike
0-2: Foul Ball, location: 2F
0-2: DOUBLE (Line Drive, 7LM)
Bob McDonald scores
Batting: RHB Glen MacDonald 0-0: Foul Ball, location: 2F
0-1: Fly out, F8 (Flyball, 8LM)
Top of the 1st over - 1 run(s), 2 hit(s), 0 error(s), 1 left on base; Indian Hills 1 - Quincy 0
BOTTOM OF THE 1ST
Quincy Doughboys batting - Pitching for Indian Hills Voodoo : LHP Raúl Coranillo
Pitching: LHP Raúl Coranillo
Batting: RHB Marlon Hernández 0-0: Ball
1-0: Swinging Strike
1-1: Ball
2-1: Foul Ball, location: 2F
2-2: Ball
3-2: Strikes out swinging
Batting: RHB Javier Martínez 0-0: Foul Ball, location: 2F
0-1: Ball
1-1: Fly out, F7 (Flyball, 7M)
Batting: RHB Clifton Sturt 0-0: Swinging Strike
0-1: Called Strike
0-2: Ball
1-2: Foul Ball, location: 2F
1-2: Foul Ball, location: 2F
1-2: Ball
2-2: Strikes out swinging
Bottom of the 1st over - 0 run(s), 0 hit(s), 0 error(s), 0 left on base; Indian Hills 1 - Quincy 0
TOP OF THE 2ND
Indian Hills Voodoo batting - Pitching for Quincy Doughboys : RHP Manuel Castro
Batting: RHB Bobby Hulsey 0-0: Ball
1-0: Foul Ball, location: 2F
1-1: Foul Ball, location: 2F
1-2: Ball
2-2: Foul Ball, location: 2F
2-2: SOLO HOME RUN (Flyball, 7LD), Distance : 381 ft
Batting: RHB Dave McGuire 0-0: SINGLE (Line Drive, 4D)
Batting: RHB Mike Cleveland 0-0: Called Strike
0-1: Swinging Strike
0-2: Ball
1-2: Strikes out swinging
Batting: RHB Lawrence Davidson 0-0: Foul Ball, location: 2F
0-1: Swinging Strike
0-2: Grounds into double play, 4-6-3 (Groundball, 4)
Top of the 2nd over - 1 run(s), 2 hit(s), 0 error(s), 0 left on base; Indian Hills 2 - Quincy 0
BOTTOM OF THE 2ND
Quincy Doughboys batting - Pitching for Indian Hills Voodoo : LHP Raúl Coranillo
Batting: RHB Ken Sánchez 0-0: Ball
1-0: Ball
2-0: Ball
3-0: Called Strike
3-1: Base on Balls
Batting: RHB Orlando Márquez 0-0: Ball
1-0: Called Strike
1-1: Ball
2-1: Foul Ball, location: 2F
2-2: Strikes out looking
Batting: RHB Jorge Chávez 0-0: Foul Ball, location: 2F
0-1: Ball
Ken Sánchez steals 2nd base
1-1: Foul Ball, location: 2F
1-2: Foul Ball, location: 2F
1-2: Ball
2-2: Ground out 5-3 (Groundball, 56S)
Ken Sánchez to third
Batting: LHB Marv Gardner 0-0: Ball
1-0: Ball
2-0: Called Strike
2-1: SINGLE (Groundball, 4M)
Ken Sánchez scores
Batting: RHB Joel García 0-0: Ball
1-0: Swinging Strike
1-1: Swinging Strike
1-2: Ball
2-2: Strikes out swinging
Bottom of the 2nd over - 1 run(s), 1 hit(s), 0 error(s), 1 left on base; Indian Hills 2 - Quincy 1
TOP OF THE 3RD
Indian Hills Voodoo batting - Pitching for Quincy Doughboys : RHP Manuel Castro
Batting: SHB Alberto García 0-0: Ball
1-0: Called Strike
1-1: Swinging Strike
1-2: Ball
2-2: Foul Ball, location: 2F
2-2: Ball
3-2: Foul Ball, location: 2F
3-2: Foul Ball, location: 2F
3-2: Fly out, F8 (Flyball, 8RM)
Batting: RHB Bob McDonald 0-0: DOUBLE (Line Drive, 78M)
Batting: RHB Arturo Camacho 0-0: Ball
1-0: Ball
2-0: Foul Ball, location: 2F
2-1: Ball
3-1: Foul Ball, location: 2F
3-2: Foul Ball, location: 2F
3-2: Fly out, F7 (Line Drive, 7LM)
Batting: SHB Sean Moody 0-0: Called Strike
0-1: Foul Ball, location: 2F
0-2: Ball
1-2: Strikes out swinging
Top of the 3rd over - 0 run(s), 1 hit(s), 0 error(s), 1 left on base; Indian Hills 2 - Quincy 1
BOTTOM OF THE 3RD
Quincy Doughboys batting - Pitching for Indian Hills Voodoo : LHP Raúl Coranillo
Batting: RHB Pedro Sandoval 0-0: SINGLE (Groundball, 56D)
Batting: RHB Marlon Hernández 0-0: Foul Ball, location: 2F
0-1: Ball
Pickoff Throw to First - Out!
1-1: Ball
2-1: Swinging Strike
2-2: Strikes out looking
Batting: RHB Javier Martínez 0-0: Ball
1-0: Ground out 6-3 (Groundball, 6M)
Bottom of the 3rd over - 0 run(s), 1 hit(s), 0 error(s), 0 left on base; Indian Hills 2 - Quincy 1
TOP OF THE 4TH
Indian Hills Voodoo batting - Pitching for Quincy Doughboys : RHP Manuel Castro
Batting: RHB Glen MacDonald 0-0: Ball
1-0: Foul Ball, location: 2F
1-1: Ball
2-1: Ground out 6-3 (Groundball, 6)
Batting: RHB Bobby Hulsey 0-0: Fly out, F9 (Flyball, 9M)
Batting: RHB Dave McGuire 0-0: Called Strike
0-1: Ball
1-1: Called Strike
1-2: Ball
2-2: Fly out, F9 (Line Drive, 9M)
Top of the 4th over - 0 run(s), 0 hit(s), 0 error(s), 0 left on base; Indian Hills 2 - Quincy 1
BOTTOM OF THE 4TH
Quincy Doughboys batting - Pitching for Indian Hills Voodoo : LHP Raúl Coranillo
Batting: RHB Clifton Sturt 0-0: Swinging Strike
0-1: Ball
1-1: Swinging Strike
1-2: Ball
2-2: Strikes out looking
Batting: RHB Ken Sánchez 0-0: Ball
1-0: Ball
2-0: Ball
3-0: Called Strike
3-1: Base on Balls
Batting: RHB Orlando Márquez 0-0: Called Strike
0-1: Ball
1-1: Fly out, F9 (Flyball, 9M)
Batting: RHB Jorge Chávez 0-0: Fly out, F9 (Flyball, 9D)
Bottom of the 4th over - 0 run(s), 0 hit(s), 0 error(s), 1 left on base; Indian Hills 2 - Quincy 1
TOP OF THE 5TH
Indian Hills Voodoo batting - Pitching for Quincy Doughboys : RHP Manuel Castro
Batting: RHB Mike Cleveland 0-0: Swinging Strike
0-1: Swinging Strike
0-2: Ball
1-2: SINGLE (Groundball, 34)
Batting: RHB Lawrence Davidson 0-0: Foul Ball, location: 2F
0-1: Foul Ball, location: 2F
0-2: Ball
1-2: Foul Ball, location: 2F
1-2: Strikes out swinging
Batting: SHB Alberto García 0-0: Foul Ball, location: 2F
0-1: SINGLE (Groundball, 4MD)
Mike Cleveland to second
Batting: RHB Bob McDonald 0-0: Foul Ball, location: 2F
0-1: Ball
1-1: Ball
2-1: Swinging Strike
2-2: Grounds into double play, 5-4-3 (Groundball, 5)
Top of the 5th over - 0 run(s), 2 hit(s), 0 error(s), 1 left on base; Indian Hills 2 - Quincy 1
BOTTOM OF THE 5TH
Quincy Doughboys batting - Pitching for Indian Hills Voodoo : LHP Raúl Coranillo
Batting: LHB Marv Gardner 0-0: Ball
1-0: Swinging Strike
1-1: DOUBLE (Line Drive, 9LM)
Batting: RHB Joel García 0-0: Ball
1-0: Swinging Strike
1-1: Ball
2-1: Fly out, F2 (Popup, 2LF)
Batting: RHB Pedro Sandoval 0-0: Foul Ball, location: 2F
0-1: Foul Ball, location: 2F
0-2: Ball
1-2: Ball
2-2: Fly out, F3 (Popup, 13)
Batting: RHB Marlon Hernández 0-0: Fly out, F8 (Flyball, 78M)
Bottom of the 5th over - 0 run(s), 1 hit(s), 0 error(s), 1 left on base; Indian Hills 2 - Quincy 1
TOP OF THE 6TH
Indian Hills Voodoo batting - Pitching for Quincy Doughboys : RHP Manuel Castro
Pitching: RHP Barry Mitchell
Batting: RHB Arturo Camacho 0-0: Ball
1-0: Foul Ball, location: 2F
1-1: Swinging Strike
1-2: Ball
2-2: Strikes out swinging
Batting: SHB Sean Moody 0-0: Ball
1-0: SINGLE (Line Drive, 78M)
Batting: RHB Glen MacDonald 0-0: Ball
1-0: Ball
2-0: Ball
3-0: Called Strike
3-1: Grounds into double play, 6-4-3 (Groundball, 6)
Top of the 6th over - 0 run(s), 1 hit(s), 0 error(s), 0 left on base; Indian Hills 2 - Quincy 1
BOTTOM OF THE 6TH
Quincy Doughboys batting - Pitching for Indian Hills Voodoo : LHP Raúl Coranillo
Batting: RHB Javier Martínez 0-0: Ball
1-0: Ground out 5-3 (Groundball, 56S)
Batting: RHB Clifton Sturt 0-0: Ball
1-0: Ball
2-0: Called Strike
2-1: Ground out 6-3 (Groundball, 6)
Batting: RHB Ken Sánchez 0-0: Ball
1-0: Ball
2-0: Ball
3-0: Base on Balls
Pitching: RHP Alan Foster
Batting: RHB Orlando Márquez 0-0: Called Strike
Ken Sánchez steals 2nd base
0-1: Ball
1-1: Ball
Error on foul ball, E5
2-2: Fly out, F3 (Popup, 23)
Bottom of the 6th over - 0 run(s), 0 hit(s), 1 error(s), 1 left on base; Indian Hills 2 - Quincy 1
TOP OF THE 7TH
Indian Hills Voodoo batting - Pitching for Quincy Doughboys : RHP Barry Mitchell
Batting: RHB Bobby Hulsey 0-0: Called Strike
0-1: Swinging Strike
0-2: Foul Ball, location: 2F
0-2: Ball
1-2: Strikes out swinging
Batting: RHB Dave McGuire 0-0: Called Strike
0-1: Ball
1-1: Ball
2-1: Called Strike
2-2: Strikes out swinging
Batting: RHB Mike Cleveland 0-0: Called Strike
0-1: Fly out, F4 (Line Drive, 4M)
Top of the 7th over - 0 run(s), 0 hit(s), 0 error(s), 0 left on base; Indian Hills 2 - Quincy 1
BOTTOM OF THE 7TH
Quincy Doughboys batting - Pitching for Indian Hills Voodoo : RHP Alan Foster
Batting: RHB Jorge Chávez 0-0: Called Strike
0-1: Ball
1-1: SINGLE (Flyball, 8RS)
Pinch Hitting: LHB Guillermo Santos 0-0: Bunted foul
0-1: Ball
1-1: Bunted foul
1-2: DOUBLE (Line Drive, 9D)
Jorge Chávez to third
Pinch Hitting: LHB Miguel Medellín 0-0: Ground out 1-3 (Groundball, 15S)
Batting: RHB Pedro Sandoval 0-0: Ball
1-0: Ball
2-0: Ball
3-0: Base on Balls
Pinch Hitting: LHB António Gutiérrez 0-0: Swinging Strike
0-1: Grounds into double play, 4-6-3 (Groundball, 4M)
Bottom of the 7th over - 0 run(s), 2 hit(s), 0 error(s), 2 left on base; Indian Hills 2 - Quincy 1
TOP OF THE 8TH
Indian Hills Voodoo batting - Pitching for Quincy Doughboys : RHP Barry Mitchell
Pitching: LHP Bobby MacGruder
Now at 1B: António Gutiérrez
Now at 3B: Júlio Contreras
Now at SS: Ramón Gómez
Batting: RHB Lawrence Davidson 0-0: Called Strike
0-1: Foul Ball, location: 2F
0-2: Ball
1-2: Ball
2-2: Ball
3-2: Base on Balls
Pinch Hitting: RHB Félix Guillén 0-0: Bunted foul
0-1: Bunted foul
0-2: Ball
1-2: Foul Ball, location: 2F
1-2: Ball
2-2: Fly out, F8 (Flyball, 8RM)
Batting: RHB Bob McDonald 0-0: Ball
1-0: Ball
2-0: Foul Ball, location: 2F
2-1: Foul Ball, location: 2F
2-2: Strikes out swinging
Pinch Hitting: SHB Kenneth Cruz 0-0: Called Strike
0-1: Ball
1-1: Ball
2-1: Swinging Strike
2-2: Foul Ball, location: 2F
2-2: Ball
3-2: Strikes out looking
Top of the 8th over - 0 run(s), 0 hit(s), 0 error(s), 1 left on base; Indian Hills 2 - Quincy 1
BOTTOM OF THE 8TH
Quincy Doughboys batting - Pitching for Indian Hills Voodoo : RHP Alan Foster
Now at 2B: Félix Guillén
Now at SS: Amlak Saitoti
Now in CF: Doug Hunt
Batting: RHB Javier Martínez 0-0: Called Strike
0-1: Ball
1-1: Foul Ball, location: 2F
1-2: Foul Ball, location: 2F
1-2: Foul Ball, location: 2F
1-2: Ball
2-2: Ball
3-2: Ground out 6-3 (Groundball, 6)
Batting: RHB Clifton Sturt 0-0: Ball
1-0: Foul Ball, location: 2F
1-1: Ball
2-1: Ball
3-1: Foul Ball, location: 2F
3-2: Strikes out swinging
Batting: RHB Ken Sánchez 0-0: Called Strike
0-1: Ball
1-1: Swinging Strike
1-2: Foul Ball, location: 2F
1-2: Foul Ball, location: 2F
1-2: Ball
2-2: Ball
3-2: Foul Ball, location: 2F
3-2: Strikes out swinging
Bottom of the 8th over - 0 run(s), 0 hit(s), 0 error(s), 0 left on base; Indian Hills 2 - Quincy 1
TOP OF THE 9TH
Indian Hills Voodoo batting - Pitching for Quincy Doughboys : LHP Bobby MacGruder
Batting: SHB Sean Moody 0-0: Ball
1-0: Foul Ball, location: 2F
1-1: Ball
2-1: Fly out, F6 (Line Drive, 6)
Batting: RHB Glen MacDonald 0-0: Foul Ball, location: 2F
0-1: Foul Ball, location: 2F
0-2: Ball
1-2: Foul Ball, location: 2F
1-2: SOLO HOME RUN (Line Drive, 8LXD), Distance : 444 ft
Batting: RHB Bobby Hulsey 0-0: Ball
1-0: Foul Ball, location: 2F
1-1: Foul Ball, location: 2F
1-2: Ball
2-2: Strikes out swinging
Batting: RHB Dave McGuire 0-0: Called Strike
0-1: Swinging Strike
0-2: Ball
1-2: Ball
2-2: Strikes out swinging
Top of the 9th over - 1 run(s), 1 hit(s), 0 error(s), 0 left on base; Indian Hills 3 - Quincy 1
BOTTOM OF THE 9TH
Quincy Doughboys batting - Pitching for Indian Hills Voodoo : RHP Alan Foster
Batting: RHB Orlando Márquez 0-0: Ball
1-0: Foul Ball, location: 2F
1-1: Foul Ball, location: 2F
1-2: Ball
2-2: Strikes out swinging
Batting: RHB Jorge Chávez 0-0: Swinging Strike
0-1: Ball
1-1: SINGLE (Groundball, 6MD)
Pinch Hitting: LHB Mario Álvarez 0-0: Foul Ball, location: 2F
0-1: Called Strike
0-2: Foul Ball, location: 2F
0-2: Fly out, F7 (Flyball, 7M)
Batting: RHB Ramón Gómez 0-0: Called Strike
0-1: Fly out, F9 (Flyball, 9LS)
Bottom of the 9th over - 0 run(s), 1 hit(s), 0 error(s), 1 left on base; Indian Hills 3 - Quincy 1
Monday, December 5th, 2016 - OOTP Baseball 17.12 Build 75